 Dungeon Crawl Stone Soup version 0.21.0 (webtiles) character file.

57 Hekarica the Digger (level 3, -4/26 HPs)
             Began as a Demigod Earth Elementalist on May 20, 2018.
             Killed from afar by an orc wizard (6 damage)
             ... with a magic dart
             ... on level 3 of the Dungeon.
             The game lasted 00:13:16 (1674 turns).

Hekarica the Digger (Demigod Earth Elementalist)    Turns: 1674, Time: 00:13:16

Health: -4/26      AC:  2    Str: 16    XL:     3   Next: 50%
Magic:  1/8        EV: 13    Int: 26    God:
Gold:   70         SH:  0    Dex: 16    Spells: 0/6 levels left

rFire    . . .     SeeInvis .   (no weapon)
rCold    . . .     Gourm    .   (no shield)
rNeg     . . .     Faith    .   c - +0 robe
rPois    .         Spirit   .   (no helmet)
rElec    .         Reflect  .   (no cloak)
rCorr    .         Harm     .   (no gloves)
MR       .....                  (no boots)
Stlth    ++........             (no amulet)
HPRegen  0.08/turn              (no ring)
MPRegen  0.11/turn              (no ring)

@: mighty, brilliant, flying, very slightly contaminated
A: high mp 1
a: no special abilities


You were on level 3 of the Dungeon.
You were not hungry.

You visited 1 branch of the dungeon, and saw 3 of its levels.

You collected 70 gold pieces.

Inventory:

Missiles
 b - 60 stones (quivered)
Armour
 c - a +0 robe (worn)
Jewellery
 i - an uncursed ring of protection from fire
Scrolls
 f - a scroll of remove curse {unknown}
 g - a scroll of enchant weapon {unknown}
 h - a scroll of amnesia
 k - a scroll of magic mapping {unknown}
 l - a scroll of enchant armour {unknown}
Potions
 a - 2 potions of might
 j - a potion of flight
 n - a potion of heal wounds {unknown}
 o - 2 potions of brilliance
Books
 e - a book of Geomancy

   Spells                             Type                      Level
   a - Sandblast                      Earth                        1
   b - Passwall                       Transmutation/Earth          2
   c - Stone Arrow                    Conjuration/Earth            3
   d - Petrify                        Transmutation/Earth          4
   e - Lee's Rapid Deconstruction     Earth                        5
Comestibles
 d - 3 rations


   Skills:
 + Level 2.2 Dodging
 + Level 2.3 Stealth
 + Level 2.2 Spellcasting
 * Level 0.6 Conjurations
 - Level 0.8 Transmutations
 - Level 3.2 Earth Magic


You couldn't memorise any spells.
You knew the following spells:

 Your Spells              Type           Power        Failure   Level  Hunger
a - Stone Arrow           Conj/Erth      ####..       1%          3    ###....
b - Sandblast             Erth           #####.       1%          1    None
c - Passwall              Tmut/Erth      ####......   1%          2    ##.....


Dungeon Overview and Level Annotations

Branches:
Dungeon (3/15)


Innate Abilities, Weirdness & Mutations

You have an increased reservoir of magic. (+10% MP)


Message History

You barely miss the orc wizard. The orc wizard closely misses you.
An orc wizard comes into view. It is wielding a dagger of holy wrath.
The orc wizard shouts!
You punch the orc wizard!
The orc wizard is heavily wounded.
The orc wizard hits you with a dagger.
* * * LOW HITPOINT WARNING * * *
It was a potion of brilliance.
You feel clever all of a sudden. The orc wizard hits you with a dagger.
* * * LOW HITPOINT WARNING * * *
The orc wizard gestures wildly while chanting.
The orc wizard flickers and vanishes!
Deactivating autopickup; reactivate with Ctrl-A.
It was a potion of flight.
You feel very buoyant.
You fly up into the air.
The orc wizard points at you and mumbles some strange words.
The magic dart hits you!
You die...

.##..............###
...#...###...........
#..... ###..######.#
! #.... #...##.. # #.
#...##..##.# #.
#..#..##.# ..
#...##.. .
####.##.##.######...#
........{..oo@).....#
####.##.##.######....
..##...##.. #
#.##..#..##.#
#.##!o.....##.#
.##..o.#.#..##..
#o...<#.##..####
.....o.o..#.# #...
##)##.#...#.# ###


You could see an orc wizard and an orc.

Vanquished Creatures
  2 oozes
  A worm (D:2)
  A dart slug (D:3)
  3 leopard geckos
  5 orcs (D:3)
  A bat (D:1)
  A giant cockroach (D:1)
  6 hobgoblins
  2 jackals (D:1)
  3 frilled lizards (D:2)
  5 goblins
  2 kobolds
  2 rats
34 creatures vanquished.

Notes
Turn   | Place    | Note
-------+----------+-------------------------------------------
     0 | D:1      | Hekarica the Demigod Earth Elementalist began the quest for the Orb.
     0 | D:1      | Reached XP level 1. HP: 14/14 MP: 5/5
   479 | D:1      | Reached XP level 2. HP: 20/20 MP: 5/7
   561 | D:1      | Reached skill level 3 in Earth Magic
   771 | D:2      | Found a shattered altar of Ashenzari.
  1056 | D:2      | Found a basalt altar of Yredelemnul.
  1112 | D:2      | Found a snail-covered altar of Cheibriados.
  1195 | D:2      | Found a sparkling altar of Nemelex Xobeh.
  1271 | D:2      | Reached XP level 3. HP: 26/26 MP: 5/8
  1515 | D:2      | Learned a level 1 spell: Sandblast
  1519 | D:2      | Learned a level 3 spell: Stone Arrow
  1522 | D:2      | Learned a level 2 spell: Passwall
  1564 | D:3      | Found a hazy altar of Hepliaklqana.
  1674 | D:3      | Killed from afar by an orc wizard

Skill      XL: |  1  2 |
---------------+-------+-----
Stealth        | 2 |  2.3
Dodging        | 2 |  2.2
Earth Magic    | 3 |  3.2
Spellcasting   | 2 |  2.2
Conjurations   | |  0.6
Transmutations | |  0.8

Action                   || total
-------------------------++-------
Melee: Unarmed           ||     6
 Cast: Sandblast         ||    47
  Use: Scroll            ||     3
       Potion            ||     3
  Eat: Ration            ||     1
Armor: Robe              ||     1
Dodge: Dodged            ||     6
